 Dungeon Crawl Stone Soup version 0.19.0-9-gfd783f2 (webtiles) character file.

25183 MDvedh the Nimble (level 12, -2/104 HPs)
             Began as a Demigod Fire Elementalist on Nov 7, 2016.
             Slain by a harpy (11 damage)
             ... summoned by Kirke
             ... on level 5 of the Lair of Beasts.
             The game lasted 00:42:21 (20919 turns).

MDvedh the Nimble (Demigod Fire Elementalist)      Turns: 20919, Time: 00:42:22

Health: -2/104     AC:  0    Str: 11    XL:     12   Next: 51%
Magic:  13/28      EV: 22    Int: 27    God:
Gold:   314        SH:  0    Dex: 16    Spells: 4 memorised, 14 levels left

rFire  . . .     SeeInvis .     (weapon currently unavailable)
rCold  . . .     Gourm    .     (armour currently unavailable)
rNeg   . . .     Faith    .     (shield currently unavailable)
rPois  .         Spirit   .     (helmet currently unavailable)
rElec  .         Reflect  .     (cloak currently unavailable)
rCorr  .         Harm     .     (gloves currently unavailable)
MR     +....                    (boots currently unavailable)
Stlth  ++........               (no amulet)
                                (ring currently unavailable)
                                (ring currently unavailable)

@: pig-form, very slightly contaminated, very quick
A: high mp 1, sense surroundings 1, slow regeneration 1
a: no special abilities


You were on level 5 of the Lair of Beasts.
You were not hungry.
You were a filthy swine.
You visited 3 branches of the dungeon, and saw 16 of its levels.

You collected 677 gold pieces.
You spent 363 gold pieces at shops.

Inventory:

Hand Weapons
 y - a +5 dire flail of venom (melded)
Armour
 a - a +0 robe (melded)
 e - a +0 pair of boots (melded)
 o - a +1 cloak (melded)
 Q - a +0 helmet of intelligence (melded)
 W - a +2 pair of gloves of dexterity (melded)
 Z - a +1 helmet
Jewellery
 l - a ring of protection from magic (melded)
 q - an uncursed ring of protection from fire
 A - a +5 ring of intelligence
 B - an uncursed ring of fire
 G - a ring of poison resistance (melded)
 K - a +2 ring of evasion
 X - an uncursed ring of stealth
Wands
 v - a wand of slowing (44/48)
 z - a wand of teleportation (4/9)
 E - a wand of iceblast (9/15)
 N - a wand of iceblast (8/15)
 O - a wand of random effects (32/48)
 S - a wand of lightning (5/15)
Scrolls
 d - 3 scrolls of fear
 h - 5 scrolls of amnesia
 k - a scroll of enchant weapon
 t - 2 scrolls of identify
 D - 2 scrolls of teleportation
 L - a scroll of recharging
 M - a scroll of magic mapping
 P - a scroll of remove curse
 R - 2 scrolls of fog
 T - a scroll of brand weapon {unknown}
Potions
 f - a potion of heal wounds
 g - 6 potions of curing
 i - 3 potions of agility
 j - 8 potions of brilliance
 m - 2 potions of lignification
 p - 3 potions of cancellation
 r - a potion of flight
 s - 2 potions of resistance
 u - a potion of haste
 w - 3 potions of ambrosia {unknown}
 C - 3 potions of might
 J - a potion of mutation {unknown}
 V - a potion of magic {unknown}
Books
 b - a book of Flames

   Spells                             Type                      Level
   a - Flame Tongue                   Conjuration/Fire             1
   b - Throw Flame                    Conjuration/Fire             2
   c - Conjure Flame                  Conjuration/Fire             3
   d - Inner Flame                    Hexes/Fire                   3
   e - Sticky Flame                   Conjuration/Fire             4
   f - Fireball                       Conjuration/Fire             5
 n - a book of Maledictions

   Spells                             Type                      Level
   a - Corona                         Hexes                        1
   b - Ensorcelled Hibernation        Hexes/Ice                    2
   c - Confuse                        Hexes                        3
   d - Tukima's Dance                 Hexes                        3
   e - Dazzling Spray                 Conjuration/Hexes            3
Comestibles
 c - 4 bread rations
 x - 6 slices of pizza
 F - 5 meat rations (quivered)
 H - 18 fruits
 I - 2 royal jellies
 U - a beef jerky


   Skills:
 + Level 9.0 Fighting
 - Level 6.7 Maces & Flails
 + Level 9.5 Dodging
 - Level 1.7 Stealth
 + Level 8.0 Spellcasting
 - Level 7.6 Conjurations
 + Level 8.8 Fire Magic


You had 14 spell levels left.
You knew the following spells:

 Your Spells              Type           Power        Failure   Level  Hunger
a - Flame Tongue          Conj/Fire      #####        1%          1    None
b - Conjure Flame         Conj/Fire      ######..     1%          3    None
c - Sticky Flame          Conj/Fire      ######..     1%          4    ##.....
d - Fireball              Conj/Fire      ######....   6%          5    ####...


Dungeon Overview and Level Annotations

Branches:
Dungeon (11/15)            Temple (1/1) D:6            Lair (3/6) D:10
  Swamp (0/4) Lair:2       Spider (0/4) Lair:3        Slime (0/5) Lair:5
    Orc: D:9-12

Shops:
D:7 *   D:9 *

Annotations:
D:3 MDvedh's ghost, amateur HOWz
D:6 1 runed door
Lair:3 exclusion: oklob plant
Lair:5 Kirke


Innate Abilities, Weirdness & Mutations

You have an increased reservoir of magic. (+10% MP)
You passively map a small area around you.
You regenerate slowly when monsters are visible.


Message History

The hog closely misses you. The harpy claws you! x2
Unknown command.
You can't do that in your present form.
There isn't anything here!
Unknown command.
Kirke burns!
The harpy misses you. The harpy claws you.
* * * LOW HITPOINT WARNING * * *
The harpy screeches!
Kirke burns!
The hog bites the fungus.
Kirke mumbles some strange words.
Kirke summons a lindwurm!
The harpy claws you!
* * * LOW HITPOINT WARNING * * *
The harpy completely misses you.
The harpy claws the fungus.
The harpy claws the fungus!
A jelly comes into view.
Kirke burns!
The harpy claws you!
* * * LOW HITPOINT WARNING * * *
The harpy claws you!
You die...

###.............#.##.##
###...................#.##
####.#......................#
*##.#..........................
..............†...............
#...........#.†........#......
#.........##.#........###.....
........k@P#.........##*####..
* ........hh.HHh.......# ##P
....###J.#.###.........* ## ,
....##.#.#####.......### ##
......#h#..##........ #.
#.##.....##†.....##* #. ,
##.......#.......## ###. ,
.......>...#........# #...
.(.##.......#.J.....## ###.#. ,
..*..##....##......#.###....#


You could see Kirke (burning), a lindwurm, 2 harpies, 2 hogs and 2 jellies.

Vanquished Creatures
  A hydra (D:10)
  2 death yaks (Lair:3)
  Nergalle (Lair:2)
  An unseen horror (D:10)
  A cyclops (D:10)
  2 black mambas (Lair:3)
  3 centaur zombies
  4 elephants (Lair:5)
  4 spiny frogs
  A rime drake (Lair:2)
  3 komodo dragons
  A polar bear (Lair:3)
  2 jumping spiders (Lair:3)
  10 blink frogs
  3 hippogriffs
  2 dream sheep (D:10)
  Sigmund (D:6)
  4 wyverns
  A basilisk (Lair:2)
  3 hungry ghosts
  25 yaks
  2 hogs (Lair:5)
  Menkaure (D:5)
  Edmund (D:5)
  7 water moccasins
  7 porcupines
  A black bear (D:8)
  A sky beast (D:7)
  2 phantoms
  7 orc warriors
  3 ice beasts
  6 ogres
  2 centaurs
  9 crocodiles
  4 big kobolds
  9 bullfrogs
  3 scorpions
  17 killer bees
  4 spriggan skeletons (D:10)
  8 wights
  An electric eel (Lair:3)
  A howler monkey (D:5)
  4 crimson imps
  3 bullfrog zombies
  A quasit (D:10)
  6 hounds
  3 orc priests
  Crazy Yiuf (D:4)
  A centaur skeleton (D:10)
  10 jellies
  9 orc wizards
  A bullfrog skeleton (D:9)
  2 iguanas
  Natasha (thrice) (D:2)
  8 worker ants
  A hound zombie (D:7)
  3 hound skeletons
  A howler monkey zombie (D:6)
  A worker ant zombie (D:5)
  A howler monkey skeleton (D:6)
  6 adders
  6 shadow imps
  2 oozes
  An adder zombie (D:6)
  2 adder skeletons
  6 worms
  3 dart slugs (D:2)
  7 leopard geckos
  48 orcs
  A ball python (D:3)
  7 giant cockroaches
  12 goblins
  7 hobgoblins
  12 jackals
  11 quokkas
  4 bats
  5 frilled lizards
  14 kobolds
  3 leopard gecko skeletons
  A leopard gecko zombie (D:9)
  4 rats
  A plant (D:10)
393 creatures vanquished.

Vanquished Creatures (others)
  7 fungi
  5 plants
12 creatures vanquished.

Grand Total: 405 creatures vanquished

Notes
Turn   | Place    | Note
-------+----------+-------------------------------------------
     0 | D:1      | MDvedh the Demigod Fire Elementalist began the quest for the Orb.
     0 | D:1      | Reached XP level 1. HP: 14/14 MP: 5/5
    12 | D:1      | Reached skill level 1 in Conjurations
   609 | D:1      | Reached XP level 2. HP: 20/20 MP: 7/7
  1505 | D:2      | Reached XP level 3. HP: 26/26 MP: 1/8
  1743 | D:2      | Noticed Natasha
  1750 | D:2      | Killed Natasha
  1919 | D:2      | Noticed Natasha
  1929 | D:2      | Killed Natasha
  1929 | D:2      | Reached XP level 4. HP: 16/33 MP: 3/10
  2282 | D:2      | Noticed Natasha
  2286 | D:2      | Killed Natasha
  2291 | D:2      | Learned a level 3 spell: Conjure Flame
  2449 | D:2      | Found a snail-covered altar of Cheibriados.
  2586 | D:3      | Noticed MDvedh's ghost (amateur HOWz)
  2776 | D:3      | Learned a level 4 spell: Sticky Flame
  3203 | D:3      | Reached XP level 5. HP: 38/38 MP: 9/12
  3294 | D:3      | Noticed a phantom
  3323 | D:3      | Killed a phantom
  4145 | D:4      | Noticed an ogre
  4153 | D:4      | Killed an ogre
  4153 | D:4      | Reached XP level 6. HP: 45/45 MP: 5/14
  4571 | D:4      | Found a runed door.
  5078 | D:4      | Found a stormy altar of Qazlal.
  5241 | D:4      | Learned a level 5 spell: Fireball
  5803 | D:4      | Noticed Crazy Yiuf
  5808 | D:4      | Killed Crazy Yiuf
  5808 | D:4      | Reached XP level 7. HP: 40/50 MP: 6/16
  5881 | D:5      | Entered Level 5 of the Dungeon
  5896 | D:5      | Noticed Edmund
  5916 | D:5      | Killed Edmund
  5916 | D:5      | Reached skill level 5 in Fire Magic
  6334 | D:5      | Noticed Menkaure
  6339 | D:5      | Killed Menkaure
  6339 | D:5      | Reached skill level 5 in Conjurations
  6750 | D:5      | Found an ancient bone altar of Kikubaaqudgha.
  6750 | D:5      | Found a blossoming altar of Fedhas.
  6797 | D:6      | Reached skill level 5 in Spellcasting
  6797 | D:6      | Reached XP level 8. HP: 26/57 MP: 12/19
  7255 | D:6      | Found a staircase to the Ecumenical Temple.
  7292 | D:6      | Found a glowing silver altar of Zin.
  7292 | D:6      | Found a runed door.
  7292 | D:6      | Noticed an angel
  7349 | D:6      | Noticed Sigmund
  7358 | D:6      | Killed Sigmund
  7634 | Temple   | Entered the Ecumenical Temple
  8520 | D:6      | Found a deep blue altar of Sif Muna.
  9136 | D:7      | Reached XP level 9. HP: 62/62 MP: 18/22
  9491 | D:7      | Gained mutation: You passively map a small area around you. [mutagenic meat]
  9493 | D:7      | Gained mutation: You regenerate slowly when monsters are visible. [mutagenic meat]
 10295 | D:7      | Found Cumpus's Assorted Antiques.
 10842 | D:7      | Found a radiant altar of Vehumet.
 10846 | D:7      | Reached skill level 1 in Fighting
 10850 | D:7      | Found a burning altar of Makhleb.
 10965 | D:8      | Reached XP level 10. HP: 42/73 MP: 17/25
 11454 | D:8      | Found a roughly hewn altar of Beogh.
 11936 | D:7      | Bought a dyed leather armour for 264 gold pieces
 11946 | D:7      | Bought a scroll of remove curse for 99 gold pieces
 12490 | D:9      | Found Zin's Purification Station.
 12527 | D:9      | Found a glowing silver altar of Zin.
 12800 | D:9      | Reached skill level 5 in Dodging
 13351 | D:10     | Entered Level 10 of the Dungeon
 13566 | D:10     | Reached skill level 5 in Fighting
 14164 | D:10     | Noticed an unseen horror
 14168 | D:10     | Killed an unseen horror
 14632 | D:10     | Found a staircase to the Lair.
 14925 | D:10     | Reached skill level 1 in Maces & Flails
 14926 | D:10     | Reached XP level 11. HP: 88/89 MP: 15/26
 15045 | D:10     | Noticed a three-headed hydra
 15216 | D:10     | Killed a three-headed hydra
 15595 | Lair:1   | Entered Level 1 of the Lair of Beasts
 16491 | Lair:1   | Found an ancient bone altar of Kikubaaqudgha.
 16613 | Lair:2   | Noticed Nergalle
 16624 | Lair:2   | Killed Nergalle
 17807 | Lair:2   | Reached skill level 5 in Maces & Flails
 18136 | Lair:2   | Found a staircase to the Swamp.
 19038 | Lair:3   | Reached XP level 12. HP: 93/102 MP: 24/27
 19617 | Lair:3   | Found a hole to the Spider Nest.
 20482 | Lair:3   | You fall through a shaft for 2 floors!
 20850 | Lair:5   | Found a staircase to the Slime Pits.
 20904 | Lair:5   | Noticed Kirke
 20919 | Lair:5   | Slain by a harpy

Skill      XL: |  1  2  3  4  5  6  7  8  9 10 11 12 |
---------------+-------------------------------------+-----
Conjurations   | 1 2 3 4 5 6 7 |  7.6
Fire Magic     | 3 4 5 7 8 |  8.8
Spellcasting   | 2 3 4 5 6 7 8 |  8.0
Dodging        | 2 6 8 9 |  9.5
Fighting       | 2 6 8 9 |  9.0
Maces & Flails | 1 5 6 |  6.7
Stealth        | |  1.7

Action                   |  1- 3 |  4- 6 |  7- 9 | 10-12 || total
-------------------------+-------+-------+-------+-------++-------
Melee: Mace              |    34 |   111 |     1 |       ||   146
       Dire flail        |       |       |   203 |   425 ||   628
 Cast: Flame Tongue      |    57 |    94 |   108 |   113 ||   372
       Conjure Flame     |       |     9 |    11 |    19 ||    39
       Sticky Flame      |       |     5 |    15 |    89 ||   109
       Fireball          |       |       |     5 |    10 ||    15
  Use: Scroll            |       |    12 |     9 |     5 ||    26
 Stab: Sleeping          |     2 |     1 |     4 |    10 ||    17
       Distracted        |       |       |     1 |       ||     1
  Eat: Chunk             |     4 |    11 |    10 |    12 ||    37
       Pizza             |       |     1 |       |     1 ||     2
       Meat ration       |       |       |     1 |       ||     1
       Beef jerky        |       |       |     2 |     1 ||     3
       Bread ration      |       |       |     1 |     5 ||     6
       Royal jelly       |       |       |       |     1 ||     1
Armor: Robe              |    11 |    55 |    55 |    91 ||   212
Dodge: Dodged            |    58 |   109 |   130 |   455 ||   752
